 Dungeon Crawl Stone Soup version 0.28.0 (webtiles) character file.

Game seed: 3094152864441527667

212 AmazingTV the Covered (level 5, -1/47 HPs)
             Began as a Minotaur Fighter on July 7, 2022.
             Killed from afar by Sigmund (4 damage)
             ... with a magic dart
             ... on level 6 of the Dungeon.
             The game lasted 00:05:44 (2388 turns).

AmazingTV the Covered (Minotaur Fighter)            Turns: 2388, Time: 00:05:45

Health: -1/47      AC:  8    Str: 20    XL:     5   Next: 58%
Magic:  5/5        EV:  9    Int:  7    God:
Gold:   108        SH:  0    Dex: 12    Spells: 4/4 levels left

rFire   . . .      SeeInvis .   b - +7 short sword "Etuzuezi" {freeze, Dex+2, short}
rCold   . . .      Faith    .   c - +0 buckler
rNeg    . . .      Spirit   .   q - +0 scale mail
rPois   .          Reflect  .   (helmet restricted)
rElec   .          Harm     .   (no cloak)
rCorr   .          Rampage  .   m - +0 pair of gloves
Will    .....                   (no boots)
Stlth   ..........              (no amulet)
HPRegen 0.15/turn               (no ring)
MPRegen 0.09/turn               (no ring)

@: confused
A: horns 2, retaliatory headbutt
a: no special abilities


You were on level 6 of the Dungeon.
You visited 1 branch of the dungeon, and saw 5 of its levels.

You collected 108 gold pieces.


Innate Abilities, Weirdness & Mutations

You have a pair of horns on your head.
You reflexively headbutt those who attack you in melee.


   Skills:
 + Level 4.6 Fighting
 + Level 3.7 Maces & Flails
 + Level 4.7 Armour
 + Level 4.7 Shields
 + Level 2.2 Invocations


You had 4 spell levels left.
You didn't know any spells.
Your spell library contained the following spells:

 Spells                   Type           Power      Damage    Failure   Level
 Animate Skeleton         Necr           0%         N/A       86%         1
 Apportation              Tloc           0%         N/A       86%         1
 Summon Small Mammal      Summ           0%         N/A       86%         1

Inventory:

Hand Weapons
 a - a +0 flail {mace}
 b - the +7 short sword "Etuzuezi" (weapon) {freeze, Dex+2, short}
   (You found it on level 2 of the Dungeon)

   It freezes those it strikes, dealing additional cold damage.
   It can also slow down cold-blooded creatures.
   Dex:       It affects your dexterity (+2).
 f - a +0 dagger of holy wrath {short}
   (You found it on level 1 of the Dungeon)
 k - a +2 antimagic dagger {short}
   (You took it off a kobold on level 1 of the Dungeon)
Missiles
 e - 102 stones (quivered)
 j - 34 arrows
 t - 3 boomerangs
Armour
 c - a +0 buckler (worn)
 m - a +0 pair of gloves (worn)
   (You found it on level 1 of the Dungeon)
 q - a +0 scale mail (worn)
Wands
 r - a wand of acid (5)
   (You found it on level 2 of the Dungeon)
Scrolls
 g - 2 scrolls of teleportation {unknown}
 h - a scroll of holy word {unknown}
 l - 3 scrolls of identify {unknown}
 p - a scroll of enchant weapon {unknown}
 u - 3 scrolls of immolation {unknown}
 v - a scroll of magic mapping {unknown}
Potions
 d - 2 potions of might
 i - a potion of haste {unknown}
 n - a potion of lignification {unknown}
 o - a potion of curing {unknown}
 s - a potion of berserk rage {unknown}

Dungeon Overview and Level Annotations

Branches:
Dungeon (7/15)
 Temple: D:4-7

Altars:

Annotations:
D:6 Sigmund

##.....# ##..##.##
##...##Z#
##.....#Z#
........@#
.......#.#
###...##.#
##.###.##########
.......>...Z{..@.#
################.#
.# .# .# .. ##


You could see a bullfrog skeleton.


Message History

Something tries to affect you, but you resist.
You see here a +0 trident {polearm}. 😨 HP[+1] 😨 HP[+1]
Something tries to affect you, but you resist.
You see here a scroll labelled OSACZU YTHRUI.
v - a scroll labelled OSACZU YTHRUI 😨 HP[+1] 😨 HP[+1] Sigmund appears from thin air!
Reactivating autopickup.
Sigmund gestures wildly while chanting.
Sigmund flickers and vanishes!
Deactivating autopickup; reactivate with Ctrl-A.
You see here 16 gold pieces.
A magic dart appears from out of thin air!
The magic dart hits you.
* * * LOW HITPOINT WARNING * * *
😨 HP[-2]
You take 2 damage, and now have 16/47 hp.
A puff of flame appears from out of thin air!
The puff of flame hits you.
* * * LOW HITPOINT WARNING * * *
😨 HP[-1]
You take 1 damage, and now have 15/47 hp. 😨 HP[+1] 😨 HP[+1]
An adder comes into view.
The adder hisses angrily.
A magic dart appears from out of thin air!
The magic dart hits you but does no damage.
You see here a golden potion. 😨 HP[+1]
The adder completely misses you. 😨 HP[+1]
You see here a scroll labelled VOEMAFAIPP.
The adder bites you but does no damage. The adder bites you.
* * * LOW HITPOINT WARNING * * *
You are poisoned.
The adder poisons you! 😨 HP[-1]
You take 1 damage, and now have 18/47 hp.
You closely miss the adder.
You feel sick.
The adder bites you but does no damage. 😨 HP[-2]
You take 2 damage, and now have 16/47 hp.
You puncture the adder! You freeze the adder.
You kill the adder!
You feel sick.
You hear some strange, mumbled words.
A puff of flame appears from out of thin air!
The puff of flame misses you. 😨 HP[-1]
You take 1 damage, and now have 15/47 hp.
You feel sick.
You are no longer poisoned. 😨 HP[-1]
You take 1 damage, and now have 14/47 hp. 😨 HP[+1]
A puff of flame appears from out of thin air!
The puff of flame hits you.
* * * LOW HITPOINT WARNING * * *
😱 HP[-4]
You take 4 damage, and now have 11/47 hp.
A bullfrog zombie and a bullfrog skeleton come into view.
The bullfrog skeleton hits you but does no damage. x2 😨 HP[+1]
Something tries to affect you, but you resist.
Found a stone staircase leading down.
You see here a +0 scale mail.
The bullfrog skeleton barely misses you. 😨 HP[+1] Sigmund appears from thin air!
Reactivating autopickup.
Sigmund gestures at you while chanting. The puff of flame hits you.
* * * LOW HITPOINT WARNING * * *
😱 HP[-3]
You take 3 damage, and now have 10/47 hp.
You now have 108 gold pieces (gained 7).
Sigmund points at you and mumbles some strange words.
The magic dart hits you!
* * * LOW HITPOINT WARNING * * *
😱 HP[-8]
You take 8 damage, and now have 2/47 hp.
Sigmund mumbles some strange words.
Sigmund flickers and vanishes!
Deactivating autopickup; reactivate with Ctrl-A.
You are confused.
You bump into the rock wall.
You bump into the rock wall.
You are more confused.
You bump into the rock wall. 😱 HP[+1] Unknown command.
You bump into the rock wall.
A magic dart appears from out of thin air!
The magic dart hits you.
You die...

Skill      XL: |  1  2  3  4 |
---------------+-------------+-----
Shields        | 4 |  4.7
Invocations    | 1 2 |  2.2
Fighting       | 4 |  4.6
Armour         | 4 |  4.7
Maces & Flails | 3 |  3.7

Action                   |  1- 3 |  4- 6 || total
-------------------------+-------+-------++-------
Melee: Flail             |    76 |       ||    76
       Headbutt          |    10 |     3 ||    13
       Short sword       |     5 |    29 ||    34
Armor: Scale mail        |    34 |    23 ||    57
Dodge: Dodged            |    35 |    19 ||    54
Block: Buckler           |    17 |     9 ||    26

Levels and vault maps discovered:
D:1:      onia_arrival_mini_maze_b, layout_loops_corners, nrook_loot_triangle,
          minmay_cupped
D:2:      layout_loops_ring
D:3:      layout_basic, due_unseen_surprise
D:6:      layout_loops_ring, chequers_serial_rivers_micro_b,
          hangedman_decor_slide_cut, grunt_ministairs_3, uniq_sigmund
D:7:      layout_layer_cave, minmay_temple_entry_waves, serial_shops, shop,
          kennysheep_flooded_box, chequers_serial_rivers_small_b

Notes
Turn   | Place    | Note
-------+----------+-------------------------------------------
     0 | D:1      | AmazingTV the Minotaur Fighter began the quest for the Orb.
     0 | D:1      | Reached XP level 1. HP: 19/19 MP: 0/0
     0 | D:1      | magus.rc [v1.9.6]
   229 | D:1      | Reached XP level 2. HP: 22/27 MP: 1/1
  1152 | D:1      | Reached skill level 4 in Shields
  1152 | D:1      | Reached skill level 1 in Invocations
  1337 | D:2      | Reached skill level 4 in Fighting
  1337 | D:2      | Reached skill level 4 in Armour
  1337 | D:2      | Reached XP level 3. HP: 33/33 MP: 2/2
  1436 | D:2      | Reached skill level 3 in Maces & Flails
  1635 | D:2      | Identified the +7 short sword "Etuzuezi" {freeze, Dex+2}
  1765 | D:2      | Reached XP level 4. HP: 40/40 MP: 2/4
  2080 | D:3      | You pick up a book of Cantrips and begin reading...
  2080 | D:3      | You add the spells Animate Skeleton, Summon Small Mammal
                  | and Apportation to your library.
  2173 | D:3      | You fall into a shaft and drop 3 floors!
  2175 | D:6      | Noticed Sigmund
  2209 | D:6      | Noticed a black bear
  2216 | D:6      | Killed a black bear
  2217 | D:6      | Reached skill level 2 in Invocations
  2217 | D:6      | Reached XP level 5. HP: 34/47 MP: 5/5
  2231 | D:7      | Noticed an ice beast
  2276 | D:6      | HP: 11/47 [something (8)]
  2363 | D:6      | HP: 11/47 [something/puff of flame (4)]
  2375 | D:6      | HP: 10/47 [Sigmund/puff of flame (3)]
  2381 | D:6      | HP: 2/47 [Sigmund/magic dart (9)]
  2388 | D:6      | Killed from afar by Sigmund

Vanquished Creatures
  A black bear (D:6)
  A bullfrog zombie (D:6)
  4 adders
  3 dart slugs
  3 orcs (D:3)
  A ball python (D:1)
  3 endoplasms
  2 giant cockroaches
  2 goblins (D:1)
  8 hobgoblins
  3 jackals (D:3)
  3 quokkas
  3 bats
  3 frilled lizards
  5 kobolds
  5 rats
50 creatures vanquished.

Table legend:
 A = Non-vault XP
 B = Vault XP
 C = Vault XP percentage of total XP
 D = Non-vault monster count
 E = Vault monster count
 F = Vault count percentage of total count
                 A         B        C        D         E       F
            +---------+---------+-------+---------+---------+-------
      Total |     127 |     177 |  58.2 |      44 |       6 |  12.0
            +---------+---------+-------+---------+---------+-------
        D:1 |      30 |       9 |  23.1 |      17 |       4 |  19.0
        D:2 |      60 |       0 |   0.0 |      16 |       0 |   0.0
        D:3 |      23 |       0 |   0.0 |      10 |       0 |   0.0
        D:6 |      14 |     168 |  92.3 |       1 |       2 |  66.7
            +---------+---------+-------+---------+---------+-------

Illustrated notes

Table legend:
 A = Kills in this place as a percentage of kills in entire the game.
 B = Kills by you in this place as a percentage of kills by you in the entire game.
 C = Kills by friends in this place as a percentage of kills by friends in the entire game.
 D = Other kills in this place as a percentage of other kills in the entire game.
 E = Experience gained in this place as a percentage of experience gained in the entire game.
 F = Experience gained in this place divided by the number of levels of this place that you have seen.
                   A       B       C       D       E      F
               +-------+-------+-------+-------+-------+----------------------
         Total | 100.0 | 100.0 |   N/A |   N/A | 100.0 |  60.8
       Dungeon | 100.0 | 100.0 |   N/A |   N/A | 100.0 |  60.8
               +-------+-------+-------+-------+-------+----------------------

Table legend: (Time is in decaauts)
 A = Elapsed time spent in this place.
 B = Non-inter-level travel time spent in this place.
 C = Inter-level travel time spent in this place.
 D = Time resting spent in this place.
 E = Time spent auto-exploring this place.
 F = Levels seen in this place.
 G = Mean time per level.
                   A        B        C        D        E       F      G
               +--------+--------+--------+--------+--------+-----+--------+
         Total |   2415 |   2284 |    131 |    151 |   1658 |   5 |  483.0 |
       Dungeon |   2415 |   2284 |    131 |    151 |   1658 |   5 |  483.0 |
               +--------+--------+--------+--------+--------+-----+--------+

Top non-repeatable levels by time:
     D:1: 1334 daAuts
     D:2: 674 daAuts
     D:3: 190 daAuts
     D:6: 177 daAuts
     D:7: 38 daAuts
